 Dungeon Crawl Stone Soup version 0.16.1-2-g95b8d4c (webtiles) character file.

189 Zugr the Sneak (level 5, -4/24 HPs)
             Began as a Spriggan Enchanter on Mar 25, 2015.
             Killed from afar by an orc wizard (9 damage)
             ... with a magic dart
             ... on level 3 of the Dungeon.
             The game lasted 00:27:52 (4907 turns).

Zugr the Sneak (Spriggan Enchanter)                 Turns: 4907, Time: 00:27:53

Health: -4/24      AC:  3    Str:  5    XL:     5   Next: 40%
Magic:  2/14       EV: 18    Int: 17    God:
Gold:   55         SH:  0    Dex: 16    Spells: 3 memorised, 3 levels left

rFire  . . .     SeeInvis +     v - +3 dagger
rCold  . . .     Clarity  +     b - +1 robe
rNeg   . . .     SustAb   .     (shield restricted)
rPois  +         Gourm    .     (helmet restricted)
rElec  .         Spirit   .     (no cloak)
rCorr  .         Warding  .     (gloves unavailable)
rMut   .         Stasis   .     (boots unavailable)
MR     .....                    q - amulet of clarity
Stlth  ++++......               (no ring)
                                f - ring of poison resistance

@: very slightly contaminated, very quick, not resistant to hostile
enchantments, stealthy
A: unfitting armour, see invisible, herbivore 3, speed 3, slow metabolism 2
a: no special abilities


You were on level 3 of the Dungeon.
You were not hungry.

You visited 1 branch of the dungeon, and saw 3 of its levels.

You collected 55 gold pieces.

Inventory:

Hand weapons
 a - a +1 dagger
 i - a +0 short sword
 s - a +0 blowgun
 v - a +3 dagger (weapon)
Missiles
 t - 19 poisoned needles
Armour
 b - a +1 robe (worn)
Jewellery
 f - a ring of poison resistance (left hand)
 q - an amulet of clarity (around neck)
Scrolls
 g - a scroll of random uselessness {unknown}
 h - 2 scrolls of magic mapping {unknown}
 j - 3 scrolls of remove curse {unknown}
 k - a scroll of fear {unknown}
 l - a scroll of teleportation {unknown}
 m - a scroll of enchant armour {unknown}
 r - a scroll of identify
Potions
 e - a potion of cancellation
 n - a potion of ambrosia {unknown}
 o - 2 potions of heal wounds
 p - a potion of poison {unknown}
 u - a potion of curing {unknown}
Books
 c - a book of Maledictions

   Spells                             Type                      Level
   a - Corona                         Hexes                        1
   b - Sure Blade                     Hexes/Charms                 2
   c - Ensorcelled Hibernation        Hexes/Ice                    2
   d - Confuse                        Hexes                        3
   e - Dazzling Spray                 Conjuration/Hexes            3
   f - Enslavement                    Hexes                        4
Comestibles
 d - 2 bread rations


   Skills:
 + Level 4.2 Short Blades
 - Level 3.0 Dodging
 + Level 7.3 Stealth
 - Level 2.6 Spellcasting
 - Level 3.6 Hexes


You had 3 spell levels left.
You knew the following spells:

 Your Spells              Type           Power        Failure   Level  Hunger
a - Corona                Hex            ##.....      4%          1    #......
b - Confuse               Hex            ##......     14%         3    ###....
c - Ensorcelled Hibernat  Hex/Ice        #.....       17%         2    ##.....


Dungeon Overview and Level Annotations

Branches:
Dungeon (3/15)

Altars:
Fedhas
Kikubaaqudgha


Innate Abilities, Weirdness & Mutations

You are tiny and cannot use many weapons and most armour.
You have supernaturally acute eyesight.
You are a herbivore.
You cover ground extremely quickly.
You need consume almost no food.


Message History

Press: ? - help, Shift-Dir - straight line, f/p - orc priest
Aim: an orc priest, wielding a dagger and wearing a leather armour (lightly wounded, chance 45%)
The orc priest resists with some effort.
The orc priest hits you with a dagger.
* * * LOW HITPOINT WARNING * * *
The orc closely misses you.
You see here a dagger.
Casting: Confuse
Confirm with . or Enter, or press ? or * to list all spells.
You don't have enough magic to cast that spell.
Unknown command.
Casting: Confuse
Confirm with . or Enter, or press ? or * to list all spells.
You don't have enough magic to cast that spell.
Unknown command.
The orc wizard gestures wildly while chanting.
The orc wizard seems to speed up.
The orc wizard points at you and mumbles some strange words.
The magic dart hits you!
You die...

#.........# #.........#
#.........# . #.........# #..
#.........# #########..
#......รท..# .............
#.........# #.##..........
######.......).#####.##..........
o...o...o.......@................
######.........####..#..........[
######.........###...........)...
.....##########...)..#.#..).#....
.......)....................#####
.....########............#.......
.....# #........###...######
.....# #..###...# ##### #..
.....########........# #######.#


You could see an orc wizard.

Vanquished Creatures
  An orc priest (D:3)
  An orc wizard (D:3)
  A hound skeleton (D:3)
  4 adders
  A giant gecko (D:3)
  3 oozes
  3 orcs (D:3)
  5 bats
  5 giant cockroaches
  13 hobgoblins
  7 jackals
  2 ball pythons
  2 giant newts
  7 goblins
  9 kobolds
  A quokka (D:2)
  9 rats
74 creatures vanquished.

Notes
Turn   | Place    | Note
--------------------------------------------------------------
     0 | D:1      | Zugr, the Spriggan Enchanter, began the quest for the Orb.
     0 | D:1      | Reached XP level 1. HP: 9/9 MP: 4/4
   261 | D:1      | Reached XP level 2. HP: 13/13 MP: 7/7
   477 | D:1      | Reached skill level 5 in Stealth
  1515 | D:1      | Reached XP level 3. HP: 6/16 MP: 9/9
  2513 | D:2      | Reached skill level 6 in Stealth
  2893 | D:2      | Reached XP level 4. HP: 14/21 MP: 10/12
  3097 | D:2      | Learned a level 3 spell: Confuse
  3100 | D:2      | Learned a level 2 spell: Ensorcelled Hibernation
  3644 | D:2      | Found an ancient bone altar of Kikubaaqudgha.
  4405 | D:3      | Found a blossoming altar of Fedhas.
  4721 | D:3      | Reached skill level 7 in Stealth
  4721 | D:3      | Reached XP level 5. HP: 24/24 MP: 7/14
  4907 | D:3      | Killed from afar by an orc wizard

Action                   |  1- 3 |  4- 6 || total
-------------------------+-------+-------++-------
Melee: Dagger            |    74 |    37 ||   111
       Short sword       |   104 |    13 ||   117
 Fire: Blowgun           |       |     8 ||     8
 Cast: Corona            |     1 |       ||     1
       Ensorcelled Hiber |       |    36 ||    36
       Confuse           |       |     9 ||     9
  Use: Scroll            |     2 |       ||     2
       Potion            |     2 |       ||     2
 Stab: Distracted        |     2 |     1 ||     3
       Sleeping          |     8 |    20 ||    28
       Confused          |       |     3 ||     3
  Eat: Bread ration      |       |     1 ||     1
